 Dungeon Crawl Stone Soup version 0.22-b1-26-g9dbaab1 (webtiles) character file.

1829 Goblin1989 the Ruffian (level 8, -4/68 HPs)
             Began as a Demonspawn Chaos Knight on Aug 6, 2018.
             Killed by divine providence
             ... invoked by an orc priest
              (11 damage)
             ... on level 6 of the Dungeon.
             The game lasted 00:17:06 (6932 turns).

Goblin1989 the Ruffian (Demonspawn Chaos Knight)    Turns: 6932, Time: 00:17:07

Health: -4/68      AC: 11    Str: 14    XL:     8   Next: 86%
Magic:  8/8        EV: 12    Int: 18    God:    Xom [.....*]
Gold:   341        SH:  5    Dex: 12    Spells: 7/7 levels left

rFire    + . .     SeeInvis +   a - +0 short sword (chaos)
rCold    . . .     Gourm    .   g - +0 buckler
rNeg     . . .     Faith    .   b - +2 leather armour
rPois    +         Spirit   .   r - +0 helmet
rElec    .         Reflect  .   K - +0 cloak
rCorr    .         Harm     .   (no gloves)
MR       .....     Clarity  +   D - +0 pair of boots
Stlth    +.........             (no amulet)
HPRegen  0.21/turn              E - +3 ring of intelligence
MPRegen  0.11/turn              s - ring of see invisible

@: hasted, very quick
A: claws 1, icy blue scales 2, blink, clarity, demonic guardian 1, fire
resistance 1, poison resistance, robust 1, wild magic 2
a: Blink, Renounce Religion


You were on level 6 of the Dungeon.
You worshipped Xom.
You were Xom's teddy bear.
You were not hungry.

You visited 1 branch of the dungeon, and saw 6 of its levels.
You also visited: Sewer.

You collected 341 gold pieces.

Inventory:

Hand Weapons
 a - a +0 short sword of chaos (weapon)
 w - a +0 blowgun {@w1}
 H - the +5 dagger of Cube {pierce, rN+ Dex+2}
   (You found it on level 5 of the Dungeon)

   It inflicts extra damage upon your enemies.
   It affects your dexterity (+2).
   It protects you from negative energy.
Missiles
 A - 104 stones (quivered) {@Q3}
Armour
 b - a +2 leather armour (worn)
 g - a +0 buckler (worn)
 r - a +0 helmet (worn)
 y - a +0 shield
 D - a +0 pair of boots (worn)
 K - a +0 cloak (worn)
Jewellery
 s - a ring of see invisible (right claw)
 E - a +3 ring of intelligence (left claw)
Wands
 C - a wand of digging (10) {@v1}
 N - a wand of flame (20) {@v6}
Scrolls
 f - a scroll of fear
 j - 3 scrolls of identify {unknown}
 o - 3 scrolls of teleportation {unknown}
 F - 2 scrolls of random uselessness {unknown}
 L - 2 scrolls of remove curse {@r3}
Potions
 h - a potion of flight
 m - 3 potions of haste
 p - a potion of curing {@q1}
 x - a potion of brilliance
 M - a potion of cancellation
Comestibles
 e - 10 rations


   Skills:
 + Level 5.1 Fighting
 - Level 3.1 Short Blades
 - Level 3.5 Armour
 + Level 2.1 Dodging
 - Level 4.0 Shields
 * Level 7.6 Unarmed Combat


You had 7 spell levels left.
You didn't know any spells.
Your spell library was empty.

Dungeon Overview and Level Annotations

Branches:
Dungeon (6/15)             Temple (0/1) D:4

Altars:
Ashenzari
Hepliaklqana
Makhleb
Nemelex Xobeh
Ru
Uskayaw
Xom

Shops:
D:4 [   D:5 %

Annotations:
D:2 1 runed door


Innate Abilities, Weirdness & Mutations

You have sharp fingernails.
You are mostly covered in icy blue scales. (AC +3)
A weak demonic guardian rushes to your aid.
Your flesh is heat resistant. (rF+)
You can translocate small distances at will.
You possess an exceptional clarity of mind.
Your system is resistant to poisons. (rPois)
You are robust. (+10% HP)
Your spells are harder to cast, but more powerful.


Message History

Aim: an orc wizard, wielding a dagger and wearing a robe (moderately wounded, poisoned, slightly transparent)
You shoot a poisoned needle.
The poisoned needle hits the orc warrior.
The orc warrior is almost dead.
Firing (i - inventory. (/) - cycle)
z - 2 poisoned needles (quivered)
Press: ? - help, Shift-Dir - straight line, f/p - orc wizard
Aim: an orc wizard, wielding a dagger and wearing a robe (heavily wounded, poisoned, slightly transparent)
You shoot a poisoned needle.
The poisoned needle closely misses the orc warrior.
The poisoned needle closely misses the orc wizard.
Firing (i - inventory. (/) - cycle)
z - a poisoned needle (quivered)
Press: ? - help, Shift-Dir - straight line, f/p - orc wizard
Aim: an orc wizard, wielding a dagger and wearing a robe (heavily wounded, poisoned, slightly transparent)
You shoot a poisoned needle.
The poisoned needle hits the orc warrior.
The orc warrior is almost dead.
Throwing (i - inventory)
A - 108 stones (quivered)
{@Q3}
Press: ? - help, Shift-Dir - straight line, f/p - orc wizard
Aim: an orc wizard, wielding a dagger and wearing a robe (heavily wounded, poisoned, slightly transparent, covering ground slowly)
You throw a stone {@Q3}.
The stone {@Q3} barely misses the orc warrior.
The stone {@Q3} hits the orc wizard but does no damage.
The orc wizard is heavily wounded.
The orc warrior looks more healthy.
Throwing (i - inventory)
A - 107 stones (quivered)
{@Q3}
Press: ? - help, Shift-Dir - straight line, f/p - orc wizard
Aim: an orc wizard, wielding a dagger and wearing a robe (heavily wounded, poisoned, slightly transparent, covering ground slowly)
You throw a stone {@Q3}.
The stone {@Q3} hits the orc warrior but does no damage.
The orc warrior is almost dead.
The orc wizard looks more healthy.
You block the orc warrior's attack.
Throwing (i - inventory)
A - 106 stones (quivered)
{@Q3}
Press: ? - help, Shift-Dir - straight line, f/p - orc wizard
Aim: an orc wizard, wielding a dagger and wearing a robe (severely wounded, slightly transparent, covering ground slowly)
You throw a stone {@Q3}.
The stone {@Q3} barely misses the orc warrior.
The stone {@Q3} hits the orc wizard but does no damage.
The orc wizard is severely wounded.
The orc warrior becomes momentarily stuck in the liquid earth.
Throwing (i - inventory)
A - 105 stones (quivered)
{@Q3}
Press: ? - help, Shift-Dir - straight line, f - orc warrior
Aim: an orc warrior, wielding a flail and wearing a chain mail (almost dead, covering ground slowly)
You throw a stone {@Q3}.
The stone {@Q3} hits the orc warrior but does no damage.
The orc warrior is almost dead.
The orc warrior closely misses you.
Wield which item (- for none, * to show all)? (? for menu, Esc to quit)
H - the +5 dagger of Cube (weapon)
{pierce, rN+ Dex+2} Your unstable footing causes you to fumble your attack.
The orc warrior hits you with a flail!
* * * LOW HITPOINT WARNING * * *
You take 11 damage, and have 24/68 hp.
You closely miss the orc warrior.
The orc warrior is severely wounded.
The orc warrior barely misses you.
Unknown command.
Press: ? - help, v - describe, . - travel
Here: an orc warrior, wielding a flail and wearing a chain mail (severely wounded)
The floor.
Unknown command.
Your unstable footing causes you to fumble your attack.
You hit the orc warrior but do no damage.
The orc warrior is severely wounded.
The orc warrior barely misses you.
You hit the orc warrior.
The orc warrior is almost dead.
The orc warrior hits you with a flail.
* * * LOW HITPOINT WARNING * * *
You take 5 damage, and have 20/68 hp.
The ground is no longer liquid beneath you.
Wield which item (- for none, * to show all)? (? for menu, Esc to quit)
Your +0 short sword of chaos is briefly surrounded by a scintillating aura of random colours.
a - a +0 short sword of chaos (weapon)
The orc warrior hits you with a flail!
* * * LOW HITPOINT WARNING * * *
You take 9 damage, and have 11/68 hp.
You barely miss the orc warrior.
The orc warrior is almost dead.
The orc warrior hits you with a flail.
* * * LOW HITPOINT WARNING * * *
You take 5 damage, and have 6/68 hp.
You feel better. The orc warrior hits you with a flail.
* * * LOW HITPOINT WARNING * * *
You regained 5 hp, and now have 11/68 hp.
Unknown command.
You hit the orc warrior but do no damage.
The orc warrior seems to slow down.
The orc warrior is almost dead.
You block the orc warrior's attack.
You completely miss the orc warrior.
The orc warrior is almost dead.
Unknown command.
It was a potion of haste.
You feel yourself speed up. The orc warrior hits you with a flail.
* * * LOW HITPOINT WARNING * * *
You take 6 damage, and have 6/68 hp.
Unknown command.
The orc priest mumbles some strange prayers to Beogh against you.
Beogh smites you!
You die...

... █████████████████((.....█
..█ .███████████.........█ █.█
............(█......[█ █.█
█████████o............
██.██████████████...██......███
█...(o((((((..(.))....████....
..(██████████████.███..)...████
.█.█ █████.█ █████..█ .█.██
█████...@.█ ...o█████..oo...███
..█.█.....███...█ ......█████
█...██████ .......██ █........█
..█..█..█ ███...████.█ o
.███.██.███.....█ o o .█
█........█...█ .█
███....███████ ∆


You could see an orc warrior, an orc priest and an orc wizard (invisible).

Vanquished Creatures
  Grinder (D:4)
  Duvessa (D:6)
  Purgy (Sewer)
  A phantom (D:4)
  2 ogres
  A centaur (D:6)
  2 scorpions
  A howler monkey (D:4)
  A crimson imp (D:6)
  A hound (D:5)
  A jelly (D:5)
  A bullfrog skeleton (D:6)
  An orc priest (D:5)
  An iguana (D:6)
  3 worker ants
  A hound skeleton (D:6)
  A worker ant zombie (D:5)
  A gnoll (D:1)
  A river rat (D:5)
  6 adders
  A shadow imp (D:5)
  An adder zombie (D:5)
  A worm (D:4)
  A dart slug (D:3)
  3 leopard geckos
  5 orcs
  2 ball pythons
  6 bats
  6 giant cockroaches
  6 goblins
  7 hobgoblins
  8 jackals
  7 frilled lizards
  A jackal skeleton (D:4)
  9 kobolds
  8 rats
101 creatures vanquished.

Vanquished Creatures (collateral kills)
  A blink frog (D:4)
  Menkaure (D:5)
  A water moccasin (D:6)
  A sky beast (D:6)
  An ogre (D:6)
  A crocodile (D:3)
  A bullfrog (D:6)
  Dowan (D:6)
  2 orcs
  A goblin (D:3)
11 creatures vanquished.

Grand Total: 112 creatures vanquished

Notes
Turn   | Place    | Note
-------+----------+-------------------------------------------
     0 | D:1      | Goblin1989 the Demonspawn Chaos Knight began the quest for the Orb.
     0 | D:1      | Reached XP level 1. HP: 18/18 MP: 1/1
    74 | D:1      | XOM: potion effect (brilliance)
   130 | D:1      | XOM: potion effect (brilliance)
   145 | D:1      | Gained mutation: You have sharp fingernails. [demonic ancestry]
   145 | D:1      | Reached XP level 2. HP: 11/24 MP: 2/2
   147 | D:1      | XOM: potion effect (heal wounds)
   235 | D:1      | XOM: harmless Conj miscast
   237 | D:1      | Reached skill level 1 in Unarmed Combat
   275 | D:1      | XOM: harmless Chrm miscast
   305 | D:1      | Gained mutation: A weak demonic guardian rushes to your aid. [demonic ancestry]
   305 | D:1      | Reached XP level 3. HP: 22/29 MP: 3/3
   836 | D:2      | Reached skill level 2 in Unarmed Combat
   868 | D:2      | XOM: divination: detect creatures
  1204 | D:2      | Found a hide-covered altar of Uskayaw.
  1318 | D:2      | XOM: silly message
  1400 | D:2      | XOM: harmless Erth miscast
  1420 | D:2      | Found a runed door.
  1469 | D:2      | XOM: stat loss: -1 Dex (11/12)
  1591 | D:2      | Found a hazy altar of Hepliaklqana.
  2187 | D:3      | Gained mutation: You are partially covered in icy blue scales. (AC +2) [demonic ancestry]
  2187 | D:3      | Reached XP level 4. HP: 29/35 MP: 4/4
  2197 | D:3      | XOM: summons 1 hostile demon
  2287 | D:3      | Noticed a crocodile
  2298 | D:3      | Killed a crocodile
  2298 | D:3      | Reached skill level 1 in Shields
  2298 | D:3      | Reached skill level 3 in Unarmed Combat
  2939 | D:3      | XOM: noise
  3088 | D:3      | XOM: mild Ice miscast
  3153 | D:4      | Noticed Grinder
  3153 | D:4      | Paralysed by Grinder for 6 turns
  3165 | D:4      | XOM: 1-stop teleportation journey
  3190 | D:4      | XOM: scenery: create altars
  3210 | D:4      | Found Ickey's Antique Armour Shop.
  3226 | D:4      | XOM: cleaving
  3238 | D:4      | Noticed a blink frog
  3242 | D:4      | Reached XP level 5. HP: 30/41 MP: 5/5
  3245 | D:4      | Killed a blink frog
  3245 | D:4      | Reached skill level 4 in Unarmed Combat
  3245 | D:4      | Gained mutation: You are mostly covered in icy blue scales. (AC +3) [demonic ancestry]
  3245 | D:4      | Reached XP level 6. HP: 35/47 MP: 6/6
  3344 | D:4      | XOM: mild Pois miscast
  3445 | D:4      | Killed Grinder
  3445 | D:4      | Reached skill level 5 in Unarmed Combat
  3673 | D:4      | XOM: cloud trail
  3689 | D:4      | XOM: god gift: 18 gold pieces {god gift}
  3728 | D:4      | XOM: give mutations
  3728 | D:4      | Gained mutation: You possess an exceptional clarity of mind. [Xom's grace]
  3728 | D:4      | Gained mutation: You have very sharp fingernails. [Xom's grace]
  3728 | D:4      | Gained mutation: You are resistant to hostile enchantments. (MR+) [Xom's grace]
  3747 | D:4      | XOM: divination: detect items
  3804 | D:4      | Gained mutation: Your flesh is heat resistant. (rF+) [demonic ancestry]
  3804 | D:4      | Reached XP level 7. HP: 39/52 MP: 7/7
  3833 | D:4      | XOM: 3-stop teleportation journey
  4028 | D:4      | Found a staircase to the Ecumenical Temple.
  4305 | D:4      | Found a sacrificial altar of Ru.
  4371 | D:4      | Found a sparkling altar of Nemelex Xobeh.
  4409 | D:5      | Entered Level 5 of the Dungeon
  4417 | D:5      | Noticed Menkaure
  4442 | D:5      | XOM: smoke on damage
  4443 | D:5      | Killed Menkaure
  4443 | D:5      | Reached skill level 6 in Unarmed Combat
  4695 | D:5      | Found a glowing drain.
  4716 | Sewer    | Entered a sewer
  4807 | Sewer    | Noticed Purgy
  4818 | Sewer    | Killed Purgy
  4999 | Sewer    | XOM: cloud trail
  5049 | D:5      | Reached XP level 8. HP: 25/60 MP: 8/8
  5206 | D:5      | XOM: 3-stop teleportation journey
  5305 | D:5      | Got a bloodstained dagger
  5313 | D:5      | Found Ilumup's Food Shoppe.
  5314 | D:5      | Identified the +5 dagger of Cube {pierce, rN+ Dex+2} (You found it on level 5 of the Dungeon)
  5339 | D:5      | Found a shimmering altar of Xom.
  5339 | D:5      | XOM: 3-stop teleportation journey
  5655 | D:5      | XOM: god gift: ring mail {god gift}
  5674 | D:5      | Found a shattered altar of Ashenzari.
  5775 | D:5      | XOM: scenery: create altars
  5838 | D:5      | XOM: scenery: create altars
  5901 | D:5      | Found a burning altar of Makhleb.
  5936 | D:6      | XOM: polymorph scorpion -> iguana
  6080 | D:6      | Reached skill level 7 in Unarmed Combat
  6150 | D:6      | XOM: scenery: create altars
  6198 | D:6      | XOM: scenery: create altars
  6258 | D:6      | Reached skill level 1 in Dodging
  6267 | D:6      | XOM: confuse monster(s)
  6374 | D:6      | XOM: divination: detect creatures
  6417 | D:6      | XOM: give mutations
  6417 | D:6      | Gained mutation: Your spells are a little harder to cast, but a little more powerful. [Xom's grace]
  6417 | D:6      | Gained mutation: You are robust. (+10% HP) [Xom's grace]
  6475 | D:6      | XOM: divination: detect items
  6481 | D:6      | Reached skill level 5 in Fighting
  6504 | D:6      | Noticed Dowan
  6505 | D:6      | Noticed Duvessa
  6506 | D:6      | XOM: harmless Fire miscast
  6508 | D:6      | XOM: silly message
  6522 | D:6      | Killed Dowan
  6528 | D:6      | XOM: potion effect (brilliance)
  6533 | D:6      | Lost mutation: You are resistant to hostile enchantments. (MR+) [potion of mutation]
  6533 | D:6      | Lost mutation: You have very sharp fingernails. [potion of mutation]
  6533 | D:6      | Gained mutation: You can translocate small distances at will. [potion of mutation]
  6533 | D:6      | Gained mutation: Your spells are harder to cast, but more powerful. [potion of mutation]
  6533 | D:6      | Gained mutation: Your system is resistant to poisons. (rPois) [potion of mutation]
  6537 | D:6      | XOM: silly message
  6564 | D:6      | Killed Duvessa
  6841 | D:6      | XOM: noise
  6858 | D:6      | XOM: confuse monster(s)
  6890 | D:6      | XOM: cast spell 'Leda's Liquefaction'
  6932 | D:6      | Killed from afar by an orc priest

Skill      XL: |  1  2  3  4  5  6  7  8 |
---------------+-------------------------+-----
Short Blades   | 3 |  3.1
Unarmed Combat | 1 2 3 4 5 6 7 |  7.6
Shields        | 1 2 3 4 |  4.0
Armour         | 2 3 |  3.5
Fighting       | 5 |  5.1
Dodging        | 2 |  2.1

Action                   |  1- 3 |  4- 6 |  7- 9 || total
-------------------------+-------+-------+-------++-------
Melee: Short sword       |   129 |    91 |    26 ||   246
       Unarmed           |       |     8 |    94 ||   102
       Dagger            |       |       |   140 ||   140
 Fire: Blowgun           |       |       |    19 ||    19
Throw: Stone             |       |       |     4 ||     4
  Use: Scroll            |       |       |     4 ||     4
       Potion            |       |       |     9 ||     9
 Stab: Sleeping          |     2 |       |       ||     2
       Paralysed         |     2 |       |       ||     2
       Petrified         |       |     2 |       ||     2
       Distracted        |       |     1 |     1 ||     2
       Confused          |       |       |     1 ||     1
  Eat: Chunk             |     4 |     5 |     5 ||    14
       Ration            |       |       |     2 ||     2
Armor: Leather armour    |    55 |    24 |    70 ||   149
       Skin              |       |       |    20 ||    20
Dodge: Dodged            |    68 |    24 |    82 ||   174
Block: Buckler           |    20 |     8 |    44 ||    72

Vault maps used:
D:1:      evilmike_arrival_hilbert_curve, skrybe_limestone_x
D:2:      eat_drink_and_be_merry_uskayaw, lemuel_round_altar, first_ration,
          uniq_crazy_yiuf_cottage
D:4:      nemelex_xobeh_ov_fountains_minmay, nicolae_ru_the_path_less_chosen,
          minmay_temple_entry_poolview, serial_shops, shop, uniq_grinder
D:5:      tgw_xom, nicolae_ashenzari_panopticon, kennysheep_little_box,
          portal_sewer_entry_b, serial_shops, nicolae_shop_stone, uniq_menkaure
D:6:      nicolae_overflow_crystal_walls, grunt_dithmenos_shadows, uniq_duvessa
Sewer:    kennysheep_door_sewer
